 Dungeon Crawl Stone Soup version 0.18.1-48-g4cf74bf (webtiles) character file.

101 sdOOK the Skirmisher (level 4, -12/41 HPs)
             Began as a Hill Orc Fighter on Aug 26, 2016.
             Killed from afar by a jackal (29 damage)
             ... with an exploding inner flame
             ... hexed by the player character
             ... on level 3 of the Dungeon.
             The game lasted 00:12:04 (1525 turns).

sdOOK the Skirmisher (Hill Orc Fighter)             Turns: 1525, Time: 00:12:05

Health: -12/41     AC:  8    Str: 24    XL:     4   Next: 75%
Magic:  13/13      EV:  8    Int:  8    God:
Gold:   204        SH: 12    Dex: 10    Spells: 1 memorised, 1 level left

rFire  . . .     SeeInvis .     a - +0 long sword
rCold  . . .     Gourm    .     b - +0 scale mail
rNeg   . . .     Faith    .     c - +2 shield
rPois  .         Spirit   .     (no helmet)
rElec  .         Dismiss  .     h - +0 cloak
rCorr  .         Reflect  .     (no gloves)
SustAt .         Harm     .     (no boots)
MR     .....                    (no amulet)
Stlth  ..........               (no ring)
                                l - ring of magical power

@: mighty, about to teleport, not resistant to hostile enchantments, extremely
unstealthy
A: no striking features
a: no special abilities


You were on level 3 of the Dungeon.
You were not hungry.

You visited 1 branch of the dungeon, and saw 3 of its levels.

You collected 204 gold pieces.

Inventory:

Hand Weapons
 a - a +0 long sword (weapon)
Missiles
 i - 20 arrows
Armour
 b - a +0 scale mail (worn)
 c - a +2 shield (worn)
 h - a +0 cloak (worn)
Jewellery
 l - a ring of magical power (left hand)
Scrolls
 n - a scroll of identify
 s - a scroll of teleportation
Potions
 e - 2 potions of haste
 m - a potion of lignification {unknown}
 o - a potion of curing
 q - a potion of flight {unknown}
Books
 p - a book of Burglary

   Spells                             Type                      Level
   a - Swiftness                      Charms/Air                   2
   b - Passwall                       Transmutation/Earth          2
   c - Passage of Golubria            Translocation                4
   d - Lee's Rapid Deconstruction     Earth                        5
   e - Darkness                       Hexes                        6
   f - Invisibility                   Hexes                        6
Comestibles
 f - 2 bread rations
 g - 2 beef jerkies
 k - a meat ration


   Skills:
 + Level 4.4 Fighting
 + Level 2.6 Long Blades
 + Level 4.1 Armour
 + Level 0.8 Dodging
 + Level 0.1 Stealth
 + Level 4.1 Shields


You had one spell level left.
You knew the following spells:

 Your Spells              Type           Power        Failure   Level  Hunger
a - Swiftness             Chrm/Air       #.......     100%        2    ###....


Dungeon Overview and Level Annotations

Branches:
Dungeon (3/15)

Altars:
Zin


Message History

The jackal explodes!
The fiery explosion engulfs the orc.
The orc explodes!
The fiery explosion engulfs the jackal.
The jackal explodes!
The fiery explosion engulfs the jackal.
The jackal explodes!
The fiery explosion engulfs the orc priest.
The orc priest is moderately wounded.
The orc priest shouts, "Surrender to Beogh and we'll let you live!"
The fiery explosion engulfs the jackal.
The jackal explodes!
The fiery explosion engulfs the orc.
The orc explodes!
The fiery explosion engulfs the orc priest.
The orc priest explodes!
Your Shields skill increases to level 4!
The fiery explosion engulfs you!
Ouch! That really hurt!
You die...

.............#
.........%....#
...........h...###
..........(.......
...........o...###
.........§§§§..#
........§§§§§§.#
.......%§§§§§r.#
........§§§@§§.#
.........§§§...#
...............#
...............#
..............##
......%.......#
............#.#######
#.####+####..........
## #.#.#######


You could see an orc, a jackal and a rat (inner flame).

Vanquished Creatures
  An orc priest (D:3)
  3 adders (D:2)
  2 dart slugs (D:2)
  A giant gecko (D:2)
  4 orcs (D:3)
  2 giant cockroaches
  4 goblins
  2 hobgoblins (D:1)
  A jackal (D:3)
  5 kobolds
  A quokka (D:2)
  2 ball pythons
  3 bats
  3 giant newts
  4 rats
38 creatures vanquished.

Notes
Turn   | Place    | Note
--------------------------------------------------------------
     0 | D:1      | sdOOK the Hill Orc Fighter began the quest for the Orb.
     0 | D:1      | Reached XP level 1. HP: 19/19 MP: 1/1
   191 | D:1      | Reached XP level 2. HP: 27/27 MP: 2/2
   618 | D:2      | Reached XP level 3. HP: 19/33 MP: 3/3
   922 | D:2      | Learned a level 2 spell: Swiftness
   945 | D:2      | Found a glowing silver altar of Zin.
  1167 | D:2      | Reached XP level 4. HP: 40/40 MP: 4/4
  1525 | D:3      | Killed from afar by a jackal

Skill      XL: |  1  2  3  4 |
---------------+-------------+-----
Fighting       | 4 |  4.4
Armour         | 4 |  4.1
Shields        | 4 |  4.1
Long Blades    | |  2.6
Dodging        | |  0.8
Stealth        | |  0.1

Action                   |  1- 3 |  4- 6 || total
-------------------------+-------+-------++-------
Melee: Long sword        |    85 |    66 ||   151
  Use: Scroll            |     9 |     2 ||    11
       Potion            |       |     1 ||     1
  Eat: Chunk             |     1 |       ||     1
       Pizza             |       |     1 ||     1
Armor: Scale mail        |    36 |    54 ||    90
Dodge: Dodged            |    26 |    27 ||    53
Block: Shield            |    46 |    65 ||   111
